 Dungeon Crawl Stone Soup version 0.30-a0-364-gf6b3ef1049 (webtiles) character file.

Game seed: 6021135485999207074

3140 ytrimaz the Cleaver (level 10, -6/105 HPs)
             Began as a Formicid Fighter on Nov 15, 2022.
             Was a Believer of Okawaru.
             Mangled by a gnoll sergeant
             ... wielding a +0 halberd
              (15 damage)
             ... in a bailey.
             The game lasted 00:08:19 (6550 turns).

ytrimaz the Cleaver (Formicid Fighter)              Turns: 6550, Time: 00:08:20

Health: -6/105     AC: 25    Str: 32    XL:     10   Next: 15%
Magic:  10/10      EV:  2    Int:  7    God:    Okawaru [**....]
Gold:   163        SH:  5    Dex: 13    Spells: 9/9 levels left

rFire   + . .      SeeInvis .    a - +1 war axe
rCold   . . .      Faith    .    c - +0 buckler
rNeg    . . .      Spirit   .    (body armour currently unavailable)
rPois   +          Reflect  .    (helmet unavailable)
rElec   .          Harm     .    (cloak currently unavailable)
rCorr   .          Rampage  .    (gloves currently unavailable)
Will    .....                    (boots currently unavailable)
Stlth   +.........               (no amulet)
HPRegen 0.37/turn                g - ring of Rayck {rF+ Str+6}
MPRegen 0.12/turn                (no ring)

@: tree-form, weak-willed
A: stationary, stasis, torment immunity, boosted hp, permanent stasis, dig
shafts and tunnels, (antennae 3), four strong arms
a: Renounce Religion, Heroism


You were in a bailey.
You worshipped Okawaru.
Okawaru was pleased with you.
You were a tree.
You visited 2 branches of the dungeon, and saw 9 of its levels.
You also visited: Ossuary and Bailey.

You collected 243 gold pieces.
You spent 80 gold pieces at shops.


Innate Abilities, Weirdness & Mutations

You are a tree.
Your roots penetrate the ground, keeping you stationary.
You cannot be teleported.
You are immune to unholy pain and torment.
Your maximum health is greatly increased.
Your equipment is partially melded.
You cannot be hasted, slowed, berserked, paralysed or teleported.
You can dig through walls and to a lower floor.
((You have a pair of large antennae on your head. (SInv)))
Your four strong arms can wield two-handed weapons with a shield.


   Skills:
 - Level 3.2 Fighting
 + Level 13.5 Axes
 - Level 3.2 Armour
 - Level 4.0 Shields


You had 9 spell levels left.
You didn't know any spells.
Your spell library contained the following spells:

 Spells                   Type           Power      Damage    Failure   Level
 Gell's Gravitas          Tloc           0%         N/A       86%         3
 Teleport Other           Tloc           0%         N/A       86%         3
 Dispersal                Tloc           0%         N/A       100%        6

Inventory:

Hand Weapons
 a - a +1 war axe (weapon)
Missiles
 f - 17 poisoned darts
 p - 8 boomerangs
Armour
 c - a +0 buckler (worn)
 d - a +0 pair of boots (melded)
   (You found it on level 3 of the Dungeon)
 h - +1 acid dragon scales (melded)
   (You took it off Maggie on level 6 of the Dungeon)
 k - a +0 pair of gloves (melded)
   (You found it on level 3 of the Dungeon)
Jewellery
 g - the ring of Rayck (left branch) {rF+ Str+6}
   (You found it on level 8 of the Dungeon)

   [ring of strength]

   Str:       It affects your strength (+6).
   rF:        It protects you from fire.
 j - an amulet of faith
   (You found it on level 1 of the Dungeon)
 r - an amulet of magic regeneration
   (You took it off a kobold on level 4 of the Dungeon)
 u - a ring of wizardry
   (You found it on level 5 of the Dungeon)
Wands
 v - a wand of flame (18)
   (You found it on level 5 of the Dungeon)
 y - a wand of digging (1)
   (You found it on level 8 of the Dungeon)
 A - a wand of mindburst (5)
   (You found it in an ossuary)
Scrolls
 e - a scroll of immolation
 s - a scroll of vulnerability
 t - a scroll of butterflies {unknown}
Potions
 b - 2 potions of brilliance {unknown}
 i - 2 potions of curing
 m - a potion of might
 n - 3 potions of mutation
 o - a potion of berserk rage {unknown}
 q - 2 potions of cancellation
 w - 2 potions of magic {unknown}
 x - a potion of attraction {unknown}

Dungeon Overview and Level Annotations

Branches:
Dungeon (8/15) Zot: 26786  Temple (1/1) D:6 Zot: 5893 Ossuary (visited)
 Bailey (1/1) Zot: 5854
   Lair: D:8-11

Altars:
Cheibriados
Elyvilon
Fedhas
Gozag
Hepliaklqana
Kikubaaqudgha
Makhleb
Nemelex Xobeh
Okawaru
Qazlal
Ru
Sif Muna
Trog
Uskayaw
Vehumet
Wu Jian
Xom
Zin
The Shining One

Shops:
D:2 (   D:4 !

Annotations:
D:3 2 transporters
D:6 1 runed translucent door, Crazy Yiuf, Menkaure

♣♣♣♣.......♣♣
♣♣♣....†......♣♣
♣.......))......
♣≈≈≈≈≈≈≈...≈≈≈≈≈≈
≈≈...............
≈.......)........
≈.######gg'######
≈. #...# #♣g.# {{
{{#g).#{{{ ##'##{
{ { ... { { .....
....... #..$8$..#
#.......#
##...g.##


You could see 2 gnoll sergeants, a gnoll bouda and a gnoll (swift, weak-willed).


Message History

Unknown command.
The gnoll hits you with a +0 halberd.
* * * LOW HITPOINT WARNING * * *
The gnoll bouda closely misses you.
The gnoll sergeant hits you from afar with a +0 glaive!
* * * LOW HITPOINT WARNING * * *
The gnoll sergeant closely misses you. 😱 HP[-21]
You take 21 damage, and now have 5/70 hp.
MASSIVE DAMAGE!! (PAUSE)
You feel better. The gnoll barely misses you.
The gnoll bouda barks out a call to the hunt!
The gnolls pick up the pace!
The gnoll sergeant barely misses you. You block the gnoll's attack. 😱 HP[+11]
You regained 11 hp, and now have 16/70 hp.
Unknown command.
Really quaff the potion of lignification?
You turn into a tree.
Your +0 pair of gloves melds into your body.
Your +0 pair of boots melds into your body.
Your +1 acid dragon scales melds into your body.
Your roots penetrate the ground.
The gnoll sergeant hits you but does no damage.
The gnoll hits you but does no damage. x2
The gnoll bouda hits you with a +0 trident.
* * * LOW HITPOINT WARNING * * *
You block the gnoll sergeant's attack. 😱 HP[+3]
You now have 105 max hp (+35).
You regained 3 hp, and now have 19/105 hp.
Unknown command.
You are confused.
You feel invigorated.
The gnoll sergeant hits you with a +0 halberd!
* * * LOW HITPOINT WARNING * * *
The gnoll hits you but does no damage. x2
The gnoll bouda completely misses you.
The gnoll sergeant hits you from afar with a +0 glaive.
* * * LOW HITPOINT WARNING * * *
😱 HP[-5]
You take 5 damage, and now have 14/105 hp.
Unknown command.
You cannot move. (Use ctrl+direction or * direction to attack while stationary and confused.) Unknown command.
You cannot move. (Use ctrl+direction or * direction to attack while stationary and confused.) Unknown command.
You cannot move. (Use ctrl+direction or * direction to attack while stationary and confused.)
Okay, then.
Unknown command.
You cannot move. (Use ctrl+direction or * direction to attack while stationary and confused.) Unknown command.
You cannot move. (Use ctrl+direction or * direction to attack while stationary and confused.)
You cannot move. (Use ctrl+direction or * direction to attack while stationary and confused.)
You attack the stone wall.
The gnoll sergeant hits you but does no damage.
The gnoll hits you but does no damage.
The gnoll bouda hits you but does no damage.
The gnoll hits you but does no damage.
The gnoll sergeant hits you but does no damage. 😱 HP[+4]
You regained 4 hp, and now have 18/105 hp.
You hit the gnoll sergeant but do no damage.
You miss the gnoll. You hit the gnoll bouda.
The gnoll sergeant hits you but does no damage. 😱 HP[+3]
You regained 3 hp, and now have 21/105 hp.
You attack the stone wall.
You feel less invigorated.
You feel less confused. The gnoll hits you but does no damage.
The gnoll hits you from afar with a +0 halberd!
* * * LOW HITPOINT WARNING * * *
The gnoll bouda hits you but does no damage.
The gnoll sergeant completely misses you.
The gnoll sergeant hits you but does no damage. 😱 HP[-5]
You take 5 damage, and now have 16/105 hp.
You hit the gnoll sergeant but do no damage.
You hit the gnoll bouda. You slash the gnoll!
The gnoll hits you but does no damage. x2
The gnoll bouda hits you but does no damage.
The gnoll sergeant hits you but does no damage. 😱 HP[+1]
You slash the gnoll sergeant! You hit the gnoll bouda.
You closely miss the gnoll.
The gnoll sergeant hits you with a +0 halberd.
* * * LOW HITPOINT WARNING * * *
The gnoll barely misses you.
The gnoll bouda hits you with a +0 trident.
* * * LOW HITPOINT WARNING * * *
The gnoll hits you but does no damage.
The gnoll sergeant hits you but does no damage. 😱 HP[-8]
You take 8 damage, and now have 9/105 hp.
You completely miss the gnoll sergeant. You barely miss the gnoll bouda.
You slash the gnoll!
You kill the gnoll!
Okawaru accepts your kill.
The gnoll sergeant hits you with a +0 halberd!
You die...

Skill      XL: |  1  2  3  4  5  6  7  8  9 |
---------------+----------------------------+-----
Axes           | 3 4 6 9 11 13 | 13.5
Fighting       | |  3.2
Armour         | |  3.2
Shields        | |  4.0

Action                   |  1- 3 |  4- 6 |  7- 9 | 10-12 || total
-------------------------+-------+-------+-------+-------++-------
Melee: War axe           |    86 |   117 |   283 |    32 ||   518
 Abil: Dig               |     1 |       |       |       ||     1
       Shaft Self        |       |       |     1 |       ||     1
  Use: Scroll            |     3 |     2 |     7 |     1 ||    13
       Potion            |       |     1 |     6 |     3 ||    10
 Stab: Invisible         |       |       |     5 |       ||     5
Armor: Scale mail        |    45 |    47 |    62 |       ||   154
       Skin              |       |       |    31 |    37 ||    68
       Acid dragon scale |       |       |    81 |     8 ||    89
Dodge: Dodged            |    39 |    54 |   125 |    36 ||   254
Block: Buckler           |    20 |    26 |    82 |    18 ||   146

Levels and vault maps discovered:
D:1:      dpeg_arrival_prison, layout_basic, ebering_ecumenical_altar_webs,
          kennysheep_boxes
D:2:      layout_rooms, basic_altar, serial_shops, nicolae_diamond_shop,
          minmay_lizard_pond
D:3:      gammafunk_wand_slinger, layout_basic, nicolae_overflow_crystal_walls,
          minitemple, uniq_grinder, uniq_terence
D:4:      layout_basic, gammafunk_temple_overflow_statue, serial_shops,
          kennysheep_mini, uniq_pikel, uniq_robin
D:5:      layout_loops_ring, nicolae_elyvilon_peaceful_grove
D:6:      layout_loops_ring, minmay_temple_entry_crystal_x,
          kennysheep_decorative_pillar, uniq_crazy_yiuf_cottage, uniq_menkaure,
          uniq_maggie
D:7:      layout_cave_pools, mainiacjoe_overflow_alcove_4,
          mainiacjoe_overflow_catwalk_spiral, enter_bailey_3, enter_ossuary_1
D:8:      layout_basic, pdpol_temple_overflow_zin_treasury_gozag_greed,
          dpeg_lair_monsters, gammafunk_ghost_abyssal_escape
Temple:   jpeg_temple_clearing
Bailey:   bailey_polearm_gnolls_kennysheep, bailey

Notes
Turn   | Place    | Note
-------+----------+-------------------------------------------
     0 | D:1      | ytrimaz the Formicid Fighter began the quest for the Orb.
     0 | D:1      | Reached XP level 1. HP: 18/18 MP: 1/1
     0 | D:1      | magus.rc [v1.9.6]
   151 | D:1      | Reached XP level 2. HP: 20/24 MP: 2/2
   309 | D:1      | Found a faded altar of an unknown god.
   433 | D:1      | You add the spells Gell's Gravitas, Teleport Other and
                  | Dispersal to your library.
   483 | D:1      | Reached skill level 3 in Axes
   692 | D:1      | Reached XP level 3. HP: 29/29 MP: 3/3
   745 | D:2      | Found a glowing silver altar of Zin.
   806 | D:2      | Found Relaryajar's Antique Weapon Boutique.
  1044 | D:2      | Reached skill level 4 in Axes
  1044 | D:2      | Reached XP level 4. HP: 30/35 MP: 4/4
  1409 | D:3      | Reached XP level 5. HP: 41/41 MP: 5/5
  1423 | D:3      | Noticed Grinder
  1441 | D:3      | Killed Grinder
  1442 | D:3      | Reached skill level 6 in Axes
  1442 | D:3      | Reached XP level 6. HP: 47/47 MP: 6/6
  1479 | D:3      | Found a transporter.
  1711 | D:3      | Found a transporter.
  1890 | D:3      | Found an ancient bone altar of Kikubaaqudgha.
  1897 | D:3      | Found a shimmering blue altar of Sif Muna.
  2154 | D:3      | Found a sparkling altar of Nemelex Xobeh.
  2298 | D:3      | Noticed Terence
  2312 | D:3      | Killed Terence
  2513 | D:4      | Identified the +12 dagger "Wearo" {pain, Fly rPois rF- rN+}
  2617 | D:4      | Found Virphuth's Distillery.
  2620 | D:4      | Bought a potion of heal wounds for 50 gold pieces
  2651 | D:4      | Reached XP level 7. HP: 43/52 MP: 7/7
  2718 | D:4      | Reached skill level 7 in Axes
  2887 | D:4      | Bought a potion of curing for 30 gold pieces
  3099 | D:4      | Noticed Robin
  3121 | D:4      | Killed Robin
  3440 | D:4      | Noticed Pikel
  3457 | D:4      | Killed Pikel
  3458 | D:4      | Reached skill level 9 in Axes
  3458 | D:4      | Reached XP level 8. HP: 58/58 MP: 8/8
  3625 | D:4      | Found an ornate altar of the Wu Jian Council.
  3625 | D:4      | Found a burning altar of Makhleb.
  3657 | D:5      | Entered Level 5 of the Dungeon
  4079 | D:5      | Reached skill level 10 in Axes
  4366 | D:5      | Found a white marble altar of Elyvilon.
  4589 | D:6      | Noticed Maggie
  4593 | D:6      | HP: 14/56 [Maggie/bolt of fire (24)]
  4615 | D:6      | HP: 13/67 [Maggie/+2 glaive of draining (9)]
  4617 | D:6      | HP: 6/64 [Maggie/+2 glaive of draining (5)]
  4620 | D:6      | Killed Maggie
  4621 | D:6      | Reached skill level 11 in Axes
  4621 | D:6      | Reached XP level 9. HP: 7/63 MP: 9/9
  4968 | D:6      | Found a staircase to the Ecumenical Temple.
  5001 | Temple   | Entered the Ecumenical Temple
  5097 | Temple   | Became a worshipper of Warmaster Okawaru
  5445 | D:6      | Found a runed translucent door.
  5446 | D:6      | Noticed Crazy Yiuf
  5625 | D:6      | Noticed Menkaure
  5630 | D:6      | You fall into a shaft and drop 2 floors!
  5884 | D:8      | Identified the ring of Rayck {rF+ Str+6}
  5908 | D:8      | Found an opulent altar of Gozag.
  6080 | D:7      | Reached skill level 12 in Axes
  6145 | D:7      | Reached * piety under Okawaru
  6166 | D:7      | Found a sand-covered staircase.
  6176 | Ossuary  | Entered an ossuary
  6354 | D:7      | Reached skill level 13 in Axes
  6354 | D:7      | Reached XP level 10. HP: 45/70 MP: 10/10
  6367 | D:7      | Reached ** piety under Okawaru
  6397 | D:7      | Found a flagged portal.
  6403 | Bailey   | Entered a bailey
  6524 | Bailey   | Identified a +0 crystal plate armour
  6541 | Bailey   | HP: 5/70 [gnoll sergeant/+0 glaive (15)]
  6547 | Bailey   | HP: 16/105 [gnoll/+0 halberd (8)]
  6550 | Bailey   | Mangled by a gnoll sergeant

Vanquished Creatures
  Pikel (D:4)
  Maggie (D:6)
  Grinder (D:3)
  A steam dragon (D:7)
  An ice beast (D:7)
  4 sky beasts
  A black bear (D:5)
  2 centaurs (D:7)
  3 phantoms (D:5)
  A kobold brigand (D:7)
  2 bullfrogs
  An elf zombie (Ossuary)
  A scorpion (D:5)
  3 howler monkeys
  3 centaur zombies (Ossuary)
  A jelly (D:5)
  A human zombie (Ossuary)
  3 orc priests
  2 hounds (Bailey)
  4 iguanas
  2 orc wizards
  Terence (D:3)
  2 mummies (Ossuary)
  Robin (D:4)
  4 gnolls (Bailey)
  3 adders
  A shadow imp (D:7)
  2 white imps
  2 worms
  4 dart slugs
  10 orcs
  2 bats (D:3)
  8 endoplasms
  5 giant cockroaches
  9 hobgoblins
  4 jackals
  5 quokkas
  7 ball pythons
  10 frilled lizards
  21 goblins
  2 goblin zombies (Ossuary)
  10 hobgoblin zombies (Ossuary)
  3 jackal zombies (Ossuary)
  11 kobolds
  8 kobold zombies (Ossuary)
  8 orc zombies (Ossuary)
  8 rats
190 creatures vanquished.

Table legend:
 A = Non-vault XP
 B = Vault XP
 C = Vault XP percentage of total XP
 D = Non-vault monster count
 E = Vault monster count
 F = Vault count percentage of total count
                 A         B        C        D         E       F
            +---------+---------+-------+---------+---------+-------
      Total |    2634 |    1867 |  41.5 |     116 |      74 |  38.9
            +---------+---------+-------+---------+---------+-------
        D:1 |      24 |       5 |  17.2 |      16 |       4 |  20.0
        D:2 |      76 |       5 |   6.2 |      17 |       5 |  22.7
        D:3 |      83 |     309 |  78.8 |      23 |       2 |   8.0
        D:4 |      86 |     690 |  88.9 |      18 |      14 |  43.8
        D:5 |     668 |       0 |   0.0 |      10 |       0 |   0.0
        D:6 |     444 |     370 |  45.5 |       9 |       1 |  10.0
        D:7 |    1153 |       8 |   0.7 |      21 |       4 |  16.0
        D:8 |     100 |       0 |   0.0 |       2 |       0 |   0.0
    Ossuary |       0 |     341 | 100.0 |       0 |      38 | 100.0
     Bailey |       0 |     139 | 100.0 |       0 |       6 | 100.0
            +---------+---------+-------+---------+---------+-------

Illustrated notes

Table legend:
 A = Kills in this place as a percentage of kills in entire the game.
 B = Kills by you in this place as a percentage of kills by you in the entire game.
 C = Kills by friends in this place as a percentage of kills by friends in the entire game.
 D = Other kills in this place as a percentage of other kills in the entire game.
 E = Experience gained in this place as a percentage of experience gained in the entire game.
 F = Experience gained in this place divided by the number of levels of this place that you have seen.
                   A       B       C       D       E      F
               +-------+-------+-------+-------+-------+----------------------
         Total | 100.0 | 100.0 |   N/A |   N/A | 100.0 | 409.2
       Dungeon |  76.8 |  76.8 |   N/A |   N/A |  89.3 | 502.6
       Ossuary |  20.0 |  20.0 |   N/A |   N/A |   7.6 | 341.0
        Bailey |   3.2 |   3.2 |   N/A |   N/A |   3.1 | 139.0
               +-------+-------+-------+-------+-------+----------------------

Table legend: (Time is in decaauts)
 A = Elapsed time spent in this place.
 B = Non-inter-level travel time spent in this place.
 C = Inter-level travel time spent in this place.
 D = Time resting spent in this place.
 E = Time spent auto-exploring this place.
 F = Levels seen in this place.
 G = Mean time per level.
                   A        B        C        D        E       F      G
               +--------+--------+--------+--------+--------+-----+--------+
         Total |   6634 |   6435 |    199 |    925 |   4060 |  11 |  603.1 |
       Dungeon |   6229 |   6059 |    170 |    833 |   3986 |   8 |  778.6 |
        Temple |    106 |     77 |     29 |      0 |     64 |   1 |  106.0 |
       Ossuary |    153 |    153 |      0 |      0 |      2 |   1 |  153.0 |
        Bailey |    144 |    144 |      0 |     92 |      8 |   1 |  144.0 |
               +--------+--------+--------+--------+--------+-----+--------+

Top non-repeatable levels by time:
     D:3: 1246 daAuts
     D:4: 1193 daAuts
     D:6: 956 daAuts
     D:5: 911 daAuts
     D:1: 790 daAuts
     D:2: 520 daAuts
     D:8: 396 daAuts
     D:7: 213 daAuts
 Ossuary: 153 daAuts
  Bailey: 144 daAuts
  Temple: 106 daAuts
